 Dungeon Crawl Stone Soup version 0.30-a0-1124-g6e8f0f562f (webtiles) character file.

Game seed: 14962862430016781184

2536 BlueFish the Covert (level 9, -11/62 HPs)
             Began as an Octopode Fighter on Apr 23, 2023.
             Mangled by a gnoll sergeant
             ... wielding a +1 vampiric spear
              (15 damage)
             ... on level 7 of the Dungeon.
             The game lasted 00:14:53 (4995 turns).

BlueFish the Covert (Octopode Fighter)              Turns: 4995, Time: 00:14:54

Health: -11/62     AC:  1    Str: 20    XL:     9   Next: 55%
Magic:  9/9        EV: 14    Int: 17    God:
Gold:   352        SH:  5    Dex: 11    Spells: 8/8 levels left

rFire   . . .        a - +6 mace of the Pill Bug {pain, Int+7}
rCold   . . .        b - +0 buckler
rNeg    . . .        (helmet restricted)
rPois   .            p - amulet of the acrobat
rElec   .            C - ring of wizardry
rCorr   .            D - ring of flight
SInv    .            (no ring)
Will    .....        (no ring)
Stlth   +++++        (no ring)
HPRegen 0.30/turn    (no ring)
MPRegen 0.11/turn    (no ring)
                     (no ring)

%: acrobat, wizardry (x1)
@: flying
A: almost no armour, amphibious, 8 rings, camouflage 1, gelatinous body 1,
(nimble swimmer 1), tentacles
a: no special abilities


You were on level 7 of the Dungeon.
You visited 1 branch of the dungeon, and saw 7 of its levels.

You collected 352 gold pieces.

Inventory:

Hand Weapons
 a - the +6 mace of the Pill Bug (weapon) {pain, Int+7}
   (You found it on level 4 of the Dungeon)

   Int:       It affects your intelligence (+7).
 k - a +0 mace
 m - a +0 whip
 u - a +3 whip
 w - a +0 flail
Missiles
 q - 37 stones (quivered)
 B - 4 silver javelins
Armour
 b - a +0 buckler (worn)
Jewellery
 p - an amulet of the acrobat (around mantle)
 C - a ring of wizardry (left tentacle)
 D - a ring of flight (right tentacle)
Scrolls
 d - a scroll of magic mapping {unknown}
 e - a scroll of enchant armour {unknown}
 g - a scroll of teleportation
 h - 2 scrolls of poison {unknown}
 i - a scroll of fog {unknown}
 j - a scroll of silence {unknown}
 n - a scroll of blinking {unknown}
 t - a scroll of brand weapon {unknown}
 y - a scroll of immolation {unknown}
 z - a scroll of enchant weapon {unknown}
Potions
 c - 2 potions of might
 f - a potion of attraction
 l - a potion of brilliance
 o - 5 potions of curing
 r - a potion of haste
 s - a potion of flight
 v - a potion of ambrosia {unknown}
 x - a potion of degeneration {unknown}
 A - a potion of mutation {unknown}


   Skills:
 + Level 5.9 Fighting
 + Level 5.5 Maces & Flails
 + Level 5.9 Dodging
 * Level 10.4 Stealth
 + Level 5.8 Shields


You had 8 spell levels left.
You didn't know any spells.
Your spell library contained the following spells:

 Spells                   Type           Power      Damage    Failure   Level
 Magic Dart               Conj           0%         1d3       12%         1
 Searing Ray              Conj           0%         2d4       16%         2
 Dazzling Flash           Conj/Hex       0%         N/A       32%         3
 Fulminant Prism          Conj/Hex       0%         3d5       69%         4
 Agony                    Necr           0%         N/A       95%         5
 Silence                  Hex/Air        0%         N/A       95%         5


Dungeon Overview and Level Annotations

Branches:
Dungeon (7/15)
 Temple: D:4-7

Altars:
Hepliaklqana


Innate Abilities, Weirdness & Mutations

You cannot wear most types of armour.
You are amphibious.
You can wear up to eight rings at the same time.
Your skin changes colour to match your surroundings (Stealth+).
Your rubbery body absorbs attacks. (AC +1, EV +1)
((You are camouflaged when in or above water. (Stealth+)))
You have tentacles for arms and can constrict up to eight enemies at once.


Message History

You hit the gnoll. You grab the gnoll.
The gnoll is lightly wounded.
You constrict the gnoll. The gnoll closely misses you.
The gnoll sergeant hits you from afar with a +1 vampiric spear!
You hit the gnoll.
You kill the gnoll!
The gnoll sergeant closely misses you. The gnoll closely misses you.
The gnoll sergeant hits you with a +1 vampiric spear!
You see here a +0 halberd.
You hit the gnoll sergeant. You grab the gnoll sergeant.
The gnoll sergeant is moderately wounded.
You constrict the gnoll sergeant, but do no damage.
You block the gnoll's attack.
The gnoll sergeant hits you with a +1 vampiric spear!
The gnoll sergeant draws strength from your wounds!
You hit the gnoll sergeant.
The gnoll sergeant is moderately wounded.
You constrict the gnoll sergeant. The gnoll closely misses you.
The gnoll sergeant barely misses you.
You completely miss the gnoll sergeant.
The gnoll sergeant is moderately wounded.
You constrict the gnoll sergeant, but do no damage.
The gnoll misses you.
The gnoll sergeant hits you with a +1 vampiric spear.
* * * LOW HITPOINT WARNING * * *
The gnoll closely misses you. The gnoll sergeant barely misses you.
You hit the gnoll sergeant but do no damage.
The gnoll sergeant is moderately wounded.
You constrict the gnoll sergeant, but do no damage.
The gnoll hits you from afar with a +0 halberd!
* * * LOW HITPOINT WARNING * * *
The gnoll sergeant barely misses you.
Okay, then.
Okay, then.
You sock the gnoll sergeant!
The gnoll sergeant is severely wounded.
You constrict the gnoll sergeant. The gnoll misses you.
The gnoll sergeant hits you with a +1 vampiric spear!
You die...

### ... # #.# .+
#.# ..# #.##...###
##########..'?.....
#..)@ggg..###...##.
#.#######.# ..# #.#
#.# .# #.# #.# #
#.# #.# #.# #.# #.#
#+# #.# #.#


You could see a gnoll sergeant and 2 gnolls.

Vanquished Creatures
  Pikel (D:6)
  A wyvern (D:6)
  2 water moccasins (D:5)
  A black bear (D:5)
  2 sky beasts
  An ice beast (D:5)
  A lemure (D:6)
  2 phantoms
  Blork the orc (D:6)
  3 scorpions (D:5)
  5 wights (D:5)
  A killer bee (D:5)
  6 hounds
  An orc priest (D:6)
  2 jellies (D:5)
  3 iguanas
  Natasha (D:2)
  3 orc wizards
  7 adders
  6 gnolls
  A shadow imp (D:6)
  A white imp (D:5)
  An ufetubus (D:5)
  4 worms
  2 dart slugs
  11 orcs
  10 ball pythons
  5 bats
  2 endoplasms (D:1)
  5 giant cockroaches
  2 hobgoblins
  4 jackals
  3 kobolds
  5 quokkas
  3 frilled lizards
  6 goblins
  7 rats
122 creatures vanquished.

Vanquished Creatures (others)
  5 plants (D:6)
5 creatures vanquished.

Grand Total: 127 creatures vanquished

Notes
Turn   | Place    | Note
-------+----------+-------------------------------------------
     0 | D:1      | BlueFish the Octopode Fighter began the quest for the Orb.
     0 | D:1      | Reached XP level 1. HP: 16/16 MP: 1/1
    72 | D:1      | Reached skill level 1 in Stealth
    96 | D:1      | Reached XP level 2. HP: 12/21 MP: 2/2
   538 | D:2      | Reached skill level 2 in Stealth
   539 | D:2      | Reached XP level 3. HP: 22/26 MP: 3/3
   799 | D:2      | Noticed Natasha
  1154 | D:2      | Killed Natasha
  1155 | D:2      | Reached skill level 3 in Stealth
  1155 | D:2      | Reached XP level 4. HP: 31/31 MP: 4/4
  1371 | D:3      | Found a faded altar of an unknown god.
  1593 | D:3      | Reached XP level 5. HP: 35/36 MP: 5/5
  1734 | D:4      | Reached skill level 4 in Stealth
  1896 | D:4      | Identified the +6 mace of the Pill Bug {pain, Int+7}
  1912 | D:4      | Reached XP level 6. HP: 36/43 MP: 6/6
  2118 | D:4      | Reached skill level 5 in Stealth
  2288 | D:5      | Entered Level 5 of the Dungeon
  2329 | D:5      | Noticed a water moccasin
  2344 | D:5      | Killed a water moccasin
  2453 | D:5      | Noticed an ice beast
  2483 | D:5      | Killed an ice beast
  2484 | D:5      | Reached skill level 6 in Stealth
  2484 | D:5      | Reached XP level 7. HP: 13/48 MP: 7/7
  2911 | D:5      | Reached skill level 7 in Stealth
  2917 | D:5      | Reached XP level 8. HP: 26/49 MP: 8/8
  2923 | D:5      | HP: 1/50 [wight/+0 scimitar (15)]
  3157 | D:6      | Noticed Pikel
  3265 | D:6      | Noticed Blork the orc
  3275 | D:6      | Found a hazy altar of Hepliaklqana.
  3389 | D:6      | Killed Blork the orc
  3424 | D:6      | Reached skill level 8 in Stealth
  3670 | D:5      | Reached skill level 5 in Fighting
  3670 | D:5      | Reached skill level 5 in Dodging
  3670 | D:5      | Reached skill level 5 in Shields
  3778 | D:5      | Reached skill level 9 in Stealth
  3916 | D:5      | Reached XP level 9. HP: 47/61 MP: 9/9
  4136 | D:6      | Reached skill level 5 in Maces & Flails
  4153 | D:6      | HP: 2/61 [wyvern (11)]
  4650 | D:6      | Killed Pikel
  4651 | D:6      | Reached skill level 10 in Stealth
  4995 | D:7      | Mangled by a gnoll sergeant

Illustrated notes

Levels and vault maps discovered:
D:1:      matt_arrival_grand_opening, layout_rooms, hangedman_decor_growths
D:2:      wander_river, layout_rooms, grunt_ministairs_3, minmay_bisected,
          uniq_natasha
D:3:      layout_rooms, dreamdust_ecumenical_altar_grove,
          kennysheep_generic_room_2
D:4:      layout_cave_pools
D:5:      minmay_diamond_boxcup, layout_rooms, chequers_serial_rivers_micro_a
D:6:      layout_rooms, nicolae_hepliaklqana_hazy_memory, dk_noncrumbling_4,
          uniq_blork_the_orc, uniq_pikel
D:7:      layout_basic, jmf_multi_god_temple2, minmay_temple_entry_overgrown,
          minivault_11, uniq_maggie

Skill      XL: |  1  2  3  4  5  6  7  8  9 |
---------------+----------------------------+-----
Stealth        | 1 2 3 4 6 7 9 10 | 10.4
Maces & Flails | 3 4 5 |  5.5
Fighting       | 4 5 |  5.9
Dodging        | 4 5 |  5.9
Shields        | 4 5 |  5.8

Action                     |  1- 3 |  4- 6 |  7- 9 || total
---------------------------+-------+-------+-------++-------
  Melee: Flail             |    46 |       |       ||    46
         Constrict         |    17 |    21 |    30 ||    68
         Tentacles         |     8 |    16 |    26 ||    50
         Whip              |    21 |    43 |       ||    64
         Punch             |       |     1 |     1 ||     2
         Mace              |       |    36 |   134 ||   170
  Throw: Stone             |       |       |     5 ||     5
    Use: Scroll            |     5 |     3 |     2 ||    10
         Potion            |       |     2 |     2 ||     4
   Stab: Sleeping          |    16 |     8 |     9 ||    33
         Distracted        |       |       |     1 ||     1
 Armour: Skin              |     5 |     2 |     2 ||     9
  Dodge: Dodged            |    28 |    50 |    74 ||   152
  Block: Buckler           |     8 |    17 |    28 ||    53

Table legend: (Time is in decaauts)
 A = Elapsed time spent in this place.
 B = Non-inter-level travel time spent in this place.
 C = Inter-level travel time spent in this place.
 D = Time resting spent in this place.
 E = Time spent auto-exploring this place.
 F = Levels seen in this place.
 G = Mean time per level.
                   A        B        C        D        E       F      G
               +--------+--------+--------+--------+--------+-----+--------+
         Total |   5043 |   4857 |    186 |    150 |   3430 |   7 |  720.4 |
       Dungeon |   5043 |   4857 |    186 |    150 |   3430 |   7 |  720.4 |
               +--------+--------+--------+--------+--------+-----+--------+

Top non-repeatable levels by time:
     D:6: 1314 daAuts
     D:5: 1308 daAuts
     D:2: 648 daAuts
     D:4: 562 daAuts
     D:3: 553 daAuts
     D:1: 540 daAuts
     D:7: 116 daAuts
